[Event "Holiday Invitational-IM 2019"]
[Site "Charlotte"]
[Date "2019.12.27"]
[Round "1.1"]
[White "Kolay, Alex"]
[Black "Myers, Dominique"]
[Result "1-0"]
[ECO "D90"]
[WhiteElo "2261"]
[BlackElo "2012"]
[Annotator "ChessBase"]
[PlyCount "87"]
[EventDate "2019.12.26"]
[EventType "tourn"]
[EventCountry "USA"]
[SourceTitle "playchess.com"]
[Source "ChessBase"]
[SourceQuality "1"]
[TimeControl "5400+30"]

1. d4 Nf6 2. c4 g6 3. Nc3 d5 4. Nf3 Bg7 5. h4 c6 6. cxd5 cxd5 7. Bf4 O-O 8. e3 Nc6 9. Ne5 Nxe5 10. Bxe5 Ne4 11. Bxg7 Nxc3 12. bxc3 Kxg7 13. h5 Qa5 14. Qd2 Bf5 15. f3 gxh5 16. Rxh5 Bg6 17. Re5 e6 18. c4 Qxd2+ 19. Kxd2 Bf5 20. cxd5 f6 21. Rxe6 Bxe6 22. dxe6 Rac8 23. Bb5 Rc7 24. Bd7 Rxd7 25. exd7 Rd8 26. Rc1 Rxd7 27. Kd3 Kf7 28. Rc5 b6 29. Rc6 Rb7 30. a4 a6 31. e4 h5 32. d5 h4 33. f4 b5 34. a5 Ra7 35. e5 fxe5 36. fxe5 Ke8 37. e6 Ke7 38. Kd4 Kf6 39. Rc2 Rg7 40. Rf2+ Ke7 41. Ke5 Rg5+ 42. Rf5 Rxg2 43. d6+ Ke8 44. d7+ 1-0

[Event "Holiday Invitational-IM 2019"]
[Site "Charlotte"]
[Date "2019.12.27"]
[Round "1.2"]
[White "Bregadze, Levan"]
[Black "Cervantes Landeiro, Thalia"]
[Result "1-0"]
[ECO "D27"]
[WhiteElo "2458"]
[BlackElo "2289"]
[Annotator "ChessBase"]
[PlyCount "113"]
[EventDate "2019.12.26"]
[EventType "tourn"]
[EventCountry "USA"]
[SourceTitle "playchess.com"]
[Source "ChessBase"]
[SourceQuality "1"]
[TimeControl "5400+30"]

1. Nf3 d5 2. c4 dxc4 3. e3 Nf6 4. Bxc4 e6 5. d4 c5 6. O-O a6 7. dxc5 Bxc5 8. Qc2 Nbd7 9. Bd3 O-O 10. Nc3 Qe7 11. e4 h6 12. e5 Ng4 13. Bf4 f5 14. exf6 Ndxf6 15. Rae1 Bd7 16. h3 Nxf2 17. Rxf2 Bxf2+ 18. Qxf2 Nh5 19. Be3 Rac8 20. Qh4 Qxh4 21. Nxh4 Nf4 22. Be4 Rc7 23. Bxf4 Rxf4 24. Ng6 Rf6 25. Rd1 b5 26. Ne5 Be8 27. a3 a5 28. Rd8 Rf8 29. Rb8 Rc5 30. Nd3 Rc4 31. Bf3 Rd4 32. Nc5 Bd7 33. Rxf8+ Kxf8 34. Bc6 Bc8 35. Bxb5 Rd2 36. b4 axb4 37. axb4 Rb2 38. Nd3 Rb3 39. Ne4 Bb7 40. Nec5 Rb1+ 41. Kf2 Bd5 42. Ba4 Bc4 43. Ke3 Ke7 44. Bc6 Kd6 45. Be4 Ra1 46. Kd4 Bb5 47. Bf3 Rb1 48. Kc3 Ra1 49. Ne4+ Ke7 50. Ne5 Rb1 51. h4 Ra1 52. Kd4 Rc1 53. Nc3 Be8 54. b5 Rc2 55. b6 Rb2 56. b7 Kd8 57. Bc6 1-0

[Event "Holiday Invitational-IM 2019"]
[Site "Charlotte"]
[Date "2019.12.27"]
[Round "1.3"]
[White "Ludwig, John"]
[Black "Furfine, Jacob"]
[Result "1/2-1/2"]
[ECO "B31"]
[WhiteElo "2360"]
[BlackElo "2302"]
[Annotator "ChessBase"]
[PlyCount "70"]
[EventDate "2019.12.26"]
[EventType "tourn"]
[EventCountry "USA"]
[SourceTitle "playchess.com"]
[Source "ChessBase"]
[SourceQuality "1"]
[TimeControl "5400+30"]

1. e4 c5 2. Nf3 Nc6 3. Bb5 g6 4. Bxc6 dxc6 5. d3 Bg7 6. h3 e5 7. Nc3 Ne7 8. Be3 b6 9. Qd2 h6 10. Nh2 Be6 11. O-O-O Qc8 12. Rhf1 Qa6 13. a3 O-O-O 14. Ne2 f5 15. f3 c4 16. Qc3 c5 17. Kb1 Nc6 18. Nc1 Nd4 19. Qe1 cxd3 20. cxd3 Rd7 21. Bxd4 Rxd4 22. Qg3 g5 23. exf5 Bxf5 24. Rfe1 Rhd8 25. Ng4 Bxd3+ 26. Nxd3 Rxd3 27. Nf2 Rxd1+ 28. Rxd1 Rxd1+ 29. Nxd1 Qd3+ 30. Kc1 Qc4+ 31. Kb1 Qf4 32. Qe1 Qd4 33. Qe2 Kb7 34. Ne3 Bf8 35. Ng4 Bg7 1/2-1/2

[Event "Holiday Invitational-IM 2019"]
[Site "Charlotte"]
[Date "2019.12.27"]
[Round "1.4"]
[White "Gauri, Shankar"]
[Black "Andrianov, Nikolai"]
[Result "1/2-1/2"]
[ECO "D79"]
[WhiteElo "2341"]
[BlackElo "2417"]
[Annotator "ChessBase"]
[PlyCount "50"]
[EventDate "2019.12.26"]
[EventType "tourn"]
[EventCountry "USA"]
[SourceTitle "playchess.com"]
[Source "ChessBase"]
[SourceQuality "1"]
[TimeControl "5400+30"]

1. d4 d5 2. c4 c6 3. Nf3 Nf6 4. g3 g6 5. Bg2 Bg7 6. O-O O-O 7. cxd5 cxd5 8. Nc3 Ne4 9. Ne5 Nxc3 10. bxc3 Nc6 11. Nxc6 bxc6 12. Qa4 Bd7 13. Qa3 Re8 14. Bf4 e5 15. dxe5 Bxe5 16. Bxe5 Rxe5 17. e3 Bf5 18. Rfd1 Qb6 19. Rac1 Rd8 20. c4 dxc4 21. Rxd8+ Qxd8 22. Qxa7 Ra5 23. Qd4 Qxd4 24. exd4 Rxa2 25. Bxc6 Bd3 1/2-1/2

[Event "Holiday Invitational-IM 2019"]
[Site "Charlotte"]
[Date "2019.12.27"]
[Round "1.5"]
[White "Francisco, Richard"]
[Black "Diulger, Alexey"]
[Result "0-1"]
[ECO "A10"]
[WhiteElo "2281"]
[BlackElo "2291"]
[Annotator "ChessBase"]
[PlyCount "110"]
[EventDate "2019.12.26"]
[EventType "tourn"]
[EventCountry "USA"]
[SourceTitle "playchess.com"]
[Source "ChessBase"]
[SourceQuality "1"]
[TimeControl "5400+30"]

1. c4 f5 2. g3 Nf6 3. Bg2 g6 4. Nc3 Bg7 5. Nh3 e5 6. d4 exd4 7. Qxd4 Nc6 8. Qe3+ Qe7 9. Qxe7+ Kxe7 10. O-O d6 11. Nf4 Nb4 12. a3 Na6 13. Rb1 c6 14. b4 Bd7 15. Bb2 Rad8 16. Rfd1 Rhe8 17. Rd2 g5 18. Nd3 Be6 19. b5 Nb8 20. bxc6 bxc6 21. Nb4 Rc8 22. e4 Bxc4 23. exf5 d5 24. Nc2 Kf7 25. Nd4 g4 26. Ne6 Bh6 27. Rd4 Nbd7 28. Bc1 Bxc1 29. Rxc1 Nf8 30. Nf4 Re5 31. h3 h5 32. Nxh5 Nxh5 33. hxg4 Ng7 34. f4 Re3 35. Kf2 Rce8 36. Rxc4 dxc4 37. Bxc6 Rd3 38. Ne4 Rb8 39. Rc2 Rb6 40. Ba4 Rxa3 41. Rxc4 Rb2+ 42. Ke1 Nd7 43. Bc2 Ne8 44. Kd2 Nef6 45. Kc1 Rb6 46. Nxf6 Nxf6 47. g5 Nd5 48. g4 Rc3 49. g6+ Kf8 50. Rxc3 Nxc3 51. Kd2 Nd5 52. g5 Nxf4 53. f6 Ne6 54. g7+ Kg8 55. g6 Ng5 0-1

[Event "Holiday Invitational-IM 2019"]
[Site "Charlotte"]
[Date "2019.12.27"]
[Round "2.1"]
[White "Kolay, Alex"]
[Black "Bregadze, Levan"]
[Result "1/2-1/2"]
[ECO "E90"]
[WhiteElo "2261"]
[BlackElo "2458"]
[Annotator "ChessBase"]
[PlyCount "76"]
[EventDate "2019.12.26"]
[EventType "tourn"]
[EventCountry "USA"]
[SourceTitle "playchess.com"]
[Source "ChessBase"]
[SourceQuality "1"]
[TimeControl "5400+30"]

1. d4 Nf6 2. c4 g6 3. Nc3 Bg7 4. e4 d6 5. Nf3 O-O 6. h3 e5 7. d5 a5 8. Be3 Na6 9. g4 Nd7 10. a3 Nac5 11. Rg1 a4 12. Nd2 c6 13. Qc2 Nb6 14. O-O-O Bd7 15. Be2 cxd5 16. cxd5 Rc8 17. Kb1 Kh8 18. h4 f5 19. h5 f4 20. Bxc5 Rxc5 21. hxg6 hxg6 22. Qd3 Kg8 23. g5 Qc8 24. Qf3 Kf7 25. Rh1 Rh8 26. Rc1 Rxh1 27. Qxh1 Qd8 28. Qg2 Rc8 29. Rh1 Qc7 30. Bg4 Qd8 31. Be2 Rc5 32. Rc1 Bf8 33. Rh1 Bg7 34. Rc1 Qc8 35. Qh1 Qe8 36. Qg2 Qe7 37. Rh1 Rc8 38. Rh2 Rc5 1/2-1/2

[Event "Holiday Invitational-IM 2019"]
[Site "Charlotte"]
[Date "2019.12.27"]
[Round "2.2"]
[White "Andrianov, Nikolai"]
[Black "Francisco, Richard"]
[Result "1/2-1/2"]
[ECO "A30"]
[WhiteElo "2417"]
[BlackElo "2281"]
[Annotator "ChessBase"]
[PlyCount "126"]
[EventDate "2019.12.26"]
[EventType "tourn"]
[EventCountry "USA"]
[SourceTitle "playchess.com"]
[Source "ChessBase"]
[SourceQuality "1"]
[TimeControl "5400+30"]

1. Nf3 Nf6 2. b3 g6 3. Bb2 Bg7 4. g3 c5 5. c4 b6 6. Bg2 Bb7 7. O-O O-O 8. Nc3 Nc6 9. d4 cxd4 10. Nxd4 Rc8 11. Rc1 d6 12. Nc2 Qd7 13. e4 Rfd8 14. Ne3 e6 15. Qd2 a6 16. Rfd1 Ba8 17. Qe2 Qa7 18. Rd2 b5 19. Rcd1 Ne8 20. cxb5 Nd4 21. Qd3 axb5 22. Nxb5 Nxb5 23. Bxg7 Kxg7 24. Qxb5 Rc5 25. Qd3 Bb7 26. a4 Ba6 27. Qd4+ e5 28. Qb2 Rdc8 29. b4 Rc3 30. Nd5 R3c4 31. a5 Rb8 32. Rc2 Rxc2 33. Qxc2 Rc8 34. Qb2 Bb5 35. Bf3 Qa6 36. h4 h5 37. Nc3 Bc4 38. Ra1 Nc7 39. Qd2 Ne6 40. Kg2 Nd4 41. Bd1 Bf1+ 42. Kh2 Qc6 43. Nd5 Qd7 44. Ne3 Qh3+ 45. Kg1 Rc2 46. Qxc2 Nxc2 47. Bxc2 Ba6 48. Bb3 f5 49. Rc1 f4 50. Rc7+ Kh8 51. b5 fxg3 52. fxg3 Qxg3+ 53. Ng2 Bxb5 54. Rc8+ Kg7 55. Rc7+ Kf8 56. Bd5 Be2 57. Rf7+ Ke8 58. Rf2 Ba6 59. Rf6 Ke7 60. Rf7+ Kd8 61. Rf8+ Ke7 62. Rf7+ Ke8 63. Rf6 Ke7 1/2-1/2

[Event "Holiday Invitational-IM 2019"]
[Site "Charlotte"]
[Date "2019.12.27"]
[Round "2.4"]
[White "Cervantes Landeiro, Thalia"]
[Black "Ludwig, John"]
[Result "1/2-1/2"]
[ECO "D22"]
[WhiteElo "2289"]
[BlackElo "2360"]
[Annotator "ChessBase"]
[PlyCount "47"]
[EventDate "2019.12.26"]
[EventType "tourn"]
[EventCountry "USA"]
[SourceTitle "playchess.com"]
[Source "ChessBase"]
[SourceQuality "1"]
[TimeControl "5400+30"]

1. d4 d5 2. c4 dxc4 3. Nf3 a6 4. e3 Bg4 5. Bxc4 e6 6. h3 Bh5 7. Nbd2 Nd7 8. O-O Ngf6 9. Be2 c5 10. dxc5 Bxc5 11. b3 O-O 12. Bb2 Qe7 13. Ne5 Bxe2 14. Qxe2 Nxe5 15. Bxe5 Rfd8 16. Rac1 Bd6 17. Bb2 Rac8 18. Nc4 Bc7 19. Ba3 Qe8 20. Rfd1 Rxd1+ 21. Rxd1 Rd8 22. Bb2 Rxd1+ 23. Qxd1 Qd7 24. Qxd7 1/2-1/2

[Event "Holiday Invitational-IM 2019"]
[Site "Charlotte"]
[Date "2019.12.27"]
[Round "2.5"]
[White "Myers, Dominique"]
[Black "Diulger, Alexey"]
[Result "0-1"]
[ECO "B06"]
[WhiteElo "2012"]
[BlackElo "2291"]
[Annotator "ChessBase"]
[PlyCount "78"]
[EventDate "2019.12.26"]
[EventType "tourn"]
[EventCountry "USA"]
[SourceTitle "playchess.com"]
[Source "ChessBase"]
[SourceQuality "1"]
[TimeControl "5400+30"]

1. e4 g6 2. d4 Bg7 3. Nc3 d6 4. Be3 a6 5. h3 b5 6. g4 Bb7 7. Bg2 Nd7 8. Nge2 Nb6 9. O-O h5 10. g5 Nc4 11. Bc1 c5 12. b3 cxd4 13. bxc4 dxc3 14. cxb5 axb5 15. Qd3 Ba6 16. e5 b4 17. Qe4 d5 18. Qxd5 Qxd5 19. Bxd5 Rd8 20. Rd1 Rxd5 21. Rxd5 Bxe2 22. f4 e6 23. Rc5 Ne7 24. Kf2 Bd1 25. a3 O-O 26. axb4 Nd5 27. Ra2 Nxb4 28. Ra4 Nd5 29. Ra2 h4 30. Rb5 Rc8 31. Rb7 Bf8 32. Ke1 Bf3 33. Rd7 Bc5 34. Ba3 Be3 35. Be7 Rb8 36. Rd8+ Rxd8 37. Bxd8 Nb4 38. Ra4 Nxc2+ 39. Kf1 Nd4 0-1

[Event "Holiday Invitational-IM 2019"]
[Site "Charlotte"]
[Date "2019.12.28"]
[Round "4.2"]
[White "Furfine, Jacob"]
[Black "Diulger, Alexey"]
[Result "1/2-1/2"]
[ECO "A43"]
[WhiteElo "2302"]
[BlackElo "2291"]
[Annotator "ChessBase"]
[PlyCount "135"]
[EventDate "2019.12.26"]
[EventType "tourn"]
[EventCountry "USA"]
[SourceTitle "playchess.com"]
[Source "ChessBase"]
[SourceQuality "1"]
[TimeControl "5400+30"]

1. d4 c5 2. d5 f5 3. e4 fxe4 4. Nc3 Nf6 5. g4 h6 6. Bg2 e5 7. h4 d6 8. g5 Bg4 9. Nge2 hxg5 10. hxg5 Rxh1+ 11. Bxh1 Nh7 12. Nxe4 Be7 13. Qd3 Nf8 14. Bd2 Qb6 15. N2c3 Na6 16. Qb5+ Bd7 17. Qxb6 axb6 18. f4 Ng6 19. fxe5 Nxe5 20. O-O-O b5 21. Bf4 b4 22. Bxe5 dxe5 23. Ne2 Bg4 24. Rd2 Bxe2 25. Rxe2 O-O-O 26. d6 Bxd6 27. Nxd6+ Rxd6 28. Rxe5 b6 29. Re7 Rd7 30. Re6 Rf7 31. Be4 Rf4 32. Bd3 c4 33. Rc6+ Kd7 34. Rxc4 Rxc4 35. Bxc4 Nc5 36. b3 Ne4 37. g6 Nc3 38. Kb2 Nd1+ 39. Kc1 Nc3 40. Kd2 Nxa2 41. Ke3 Nc3 42. Kd4 Kd6 43. Bd3 b5 44. Bf1 Ke6 45. Kc5 Na2 46. Bxb5 Kf6 47. Bd3 Ke7 48. Kd5 Kd7 49. Ke5 Nc3 50. Bf5+ Ke7 51. Kd4 Kd6 52. Kc4 Na2 53. Bd3 Kc6 54. Be4+ Kd6 55. Bf3 Ke5 56. Bd5 Kf5 57. Bf7 Ke5 58. Kc5 Kf6 59. Be8 Kf5 60. Kd5 Kf6 61. Kd6 Nc3 62. Kc5 Na2 63. Kd5 Nc3+ 64. Kd6 Na2 65. Bf7 Nc3 66. Kc5 Na2 67. Kc4 Kf5 68. Kd4 1/2-1/2

[Event "Holiday Invitational-IM 2019"]
[Site "Charlotte"]
[Date "2019.12.28"]
[Round "4.3"]
[White "Cervantes Landeiro, Thalia"]
[Black "Francisco, Richard"]
[Result "0-1"]
[ECO "E11"]
[WhiteElo "2289"]
[BlackElo "2281"]
[Annotator "RC"]
[PlyCount "122"]
[EventDate "2019.12.26"]
[EventType "tourn"]
[EventCountry "USA"]
[SourceTitle "playchess.com"]
[Source "ChessBase"]
[SourceQuality "1"]
[TimeControl "5400+30"]

1. d4 Nf6 2. c4 e6 3. Nf3 Bb4+ 4. Nbd2 O-O 5. a3 Be7 6. e4 d6 7. Bd3 c5 8. O-O cxd4 9. Nxd4 e5 10. Nc2 Nc6 11. b4 Be6 12. Bb2 Rc8 13. Ne3 g6 14. Nd5 Nh5 15. Be2 Nf4 16. Nxf4 exf4 17. Nf3 Bf6 18. Qc2 Bg4 19. Nd4 Bxe2 20. Nxc6 Rxc6 21. Bxf6 Qxf6 22. Qxe2 Rfc8 23. Rac1 Qe6 24. Qf3 Rxc4 25. Rxc4 Rxc4 26. Qxf4 Rxe4 27. Qd2 Qe5 28. h3 Re2 29. Qc1 Kg7 30. Qc7 Qe7 31. Qc3+ Qf6 32. Qd3 Qe5 33. Rd1 Re1+ 34. Rxe1 Qxe1+ 35. Kh2 Qe5+ 36. g3 a6 37. f4 Qe6 38. Kg2 d5 39. Qd4+ Kg8 40. Kf2 Qe4 41. Qc5 d4 42. Qe5 Qc2+ 43. Kf3 Qc6+ 44. Ke2 Qc2+ 45. Kf3 Qd3+ 46. Kf2 h5 47. Qb8+ Kg7 48. Qe5+ Kh7 49. Qd5 Qe3+ 50. Kf1 Kg8 51. Qxb7 d3 52. Qc8+ Kh7 53. Qd7 Qf3+ 54. Kg1 Qxg3+ 55. Kh1 Qf3+ 56. Kg1 Qe3+ 57. Kg2 Kg7 58. f5 d2 59. h4 Qe2+ 60. Kg3 Qg4+ 61. Kf2 d1=Q 0-1

[Event "Holiday Invitational-IM 2019"]
[Site "Charlotte"]
[Date "2019.12.28"]
[Round "4.4"]
[White "Myers, Dominique"]
[Black "Andrianov, Nikolai"]
[Result "1/2-1/2"]
[ECO "B36"]
[WhiteElo "2012"]
[BlackElo "2417"]
[Annotator "NA"]
[PlyCount "33"]
[EventDate "2019.12.26"]
[EventType "tourn"]
[EventCountry "USA"]
[SourceTitle "playchess.com"]
[Source "ChessBase"]
[SourceQuality "1"]
[TimeControl "5400+30"]

1. e4 c5 2. Nf3 Nc6 3. d4 cxd4 4. Nxd4 g6 5. c4 Nf6 6. Nc3 d6 7. f3 Nxd4 8. Qxd4 Bg7 9. Be3 O-O 10. Qd2 Be6 11. Be2 Qa5 12. O-O Rfc8 13. b3 a6 14. Rac1 b5 15. Nd5 Qxd2 16. Bxd2 Nxd5 17. cxd5 1/2-1/2

[Event "Holiday Invitational-IM 2019"]
[Site "Charlotte"]
[Date "2019.12.28"]
[Round "4.5"]
[White "Bregadze, Levan"]
[Black "Ludwig, John"]
[Result "1/2-1/2"]
[ECO "B07"]
[WhiteElo "2458"]
[BlackElo "2360"]
[Annotator "ChessBase"]
[PlyCount "45"]
[EventDate "2019.12.26"]
[EventType "tourn"]
[EventCountry "USA"]
[SourceTitle "playchess.com"]
[Source "ChessBase"]
[SourceQuality "1"]
[TimeControl "5400+30"]

1. Nf3 d6 2. d4 Bg4 3. e4 Nf6 4. Nc3 c6 5. Be2 e6 6. O-O Be7 7. Bg5 d5 8. e5 Nfd7 9. Bxe7 Qxe7 10. Ne1 Bxe2 11. Nxe2 c5 12. c3 Nc6 13. a3 c4 14. f4 g6 15. Nf3 h5 16. Rb1 Na5 17. Qc2 Nb3 18. Nc1 Nxc1 19. Rbxc1 Nb6 20. g3 Qd7 21. h3 Qa4 22. Qf2 Nc8 23. Ng5 1/2-1/2

[Event "Holiday Invitational-IM 2019"]
[Site "Charlotte"]
[Date "2019.12.29"]
[Round "5.3"]
[White "Ludwig, John"]
[Black "Myers, Dominique"]
[Result "1-0"]
[ECO "C68"]
[WhiteElo "2360"]
[BlackElo "2012"]
[Annotator "RC"]
[PlyCount "83"]
[EventDate "2019.12.26"]
[EventType "tourn"]
[EventCountry "USA"]
[SourceTitle "playchess.com"]
[Source "ChessBase"]
[SourceQuality "1"]
[TimeControl "5400+30"]

1. e4 e5 2. Nf3 Nc6 3. Bb5 a6 4. Bxc6 dxc6 5. Nc3 f6 6. d4 Bg4 7. dxe5 Qxd1+ 8. Nxd1 O-O-O 9. exf6 Nxf6 10. Ne3 Bxf3 11. gxf3 Nh5 12. Nc4 Be7 13. Be3 Rhf8 14. Ke2 Bf6 15. c3 Be7 16. a4 g5 17. b4 b6 18. a5 b5 19. Nd2 h6 20. Nb3 Kb7 21. Nd4 Rde8 22. Nf5 Rxf5 23. exf5 Ng7 24. Rad1 Nxf5 25. Rd3 c5 26. bxc5 Bxc5 27. Re1 Bd6 28. h3 Nh4 29. Rb1 Ng6 30. Rd4 Kc8 31. Re4 Rf8 32. c4 bxc4 33. Rxc4 Rf5 34. Rb6 Kd7 35. Rxa6 Rb5 36. Ra8 Rb2+ 37. Kd1 Ra2 38. a6 Ne5 39. Rc2 Ra1+ 40. Rc1 Ra2 41. a7 c5 42. Rh8 1-0

[Event "Holiday Invitational-IM 2019"]
[Site "Charlotte"]
[Date "2019.12.29"]
[Round "5.4"]
[White "Diulger, Alexey"]
[Black "Cervantes Landeiro, Thalia"]
[Result "1-0"]
[ECO "A30"]
[WhiteElo "2291"]
[BlackElo "2289"]
[Annotator "RC"]
[PlyCount "81"]
[EventDate "2019.12.26"]
[EventType "tourn"]
[EventCountry "USA"]
[SourceTitle "playchess.com"]
[Source "ChessBase"]
[SourceQuality "1"]
[TimeControl "5400+30"]

1. Nf3 d5 2. g3 Nf6 3. Bg2 g6 4. b3 Bg7 5. Bb2 c5 6. O-O O-O 7. d3 b6 8. c4 Bb7 9. cxd5 Bxd5 10. Nbd2 Bb7 11. Rc1 Nc6 12. Nc4 Nd4 13. Nxd4 Bxg2 14. Ne6 fxe6 15. Kxg2 Bh6 16. Rc2 Qd5+ 17. e4 Qb7 18. f4 Rfd8 19. Qf3 Rac8 20. h4 Bg7 21. Rd1 b5 22. Ne3 a5 23. Ba3 e5 24. fxe5 Nd7 25. e6 Ne5 26. Qe2 Nxd3 27. Nd5 Nb4 28. Bxb4 axb4 29. Qf1 Rf8 30. Rf2 c4 31. bxc4 Rxf2+ 32. Qxf2 bxc4 33. Qf7+ Kh8 34. Qxe7 Qa8 35. Kh3 c3 36. Nb6 Re8 37. Nxa8 Rxe7 38. Rd8+ Bf8 39. Rxf8+ Kg7 40. Rc8 Rxe6 41. Rc4 1-0

[Event "Holiday Invitational-IM 2019"]
[Site "Charlotte"]
[Date "2019.12.29"]
[Round "6.1"]
[White "Kolay, Alex"]
[Black "Diulger, Alexey"]
[Result "1/2-1/2"]
[ECO "A41"]
[WhiteElo "2261"]
[BlackElo "2291"]
[Annotator "NA"]
[PlyCount "32"]
[EventDate "2019.12.26"]
[EventType "tourn"]
[EventCountry "USA"]
[SourceTitle "playchess.com"]
[Source "ChessBase"]
[SourceQuality "1"]
[TimeControl "5400+30"]

1. d4 g6 2. c4 Bg7 3. Nf3 d6 4. Nc3 Bg4 5. e3 c6 6. Be2 e6 7. O-O d5 8. Qb3 Qb6 9. Na4 Qxb3 10. axb3 Nd7 11. cxd5 exd5 12. b4 a6 13. h3 Bxf3 14. Bxf3 h5 15. Nc5 Nxc5 16. bxc5 f5 1/2-1/2

[Event "Holiday Invitational-IM 2019"]
[Site "Charlotte"]
[Date "2019.12.29"]
[Round "6.2"]
[White "Cervantes Landeiro, Thalia"]
[Black "Andrianov, Nikolai"]
[Result "1/2-1/2"]
[ECO "D94"]
[WhiteElo "2289"]
[BlackElo "2417"]
[Annotator "NA"]
[PlyCount "91"]
[EventDate "2019.12.26"]
[EventType "tourn"]
[EventCountry "USA"]
[SourceTitle "playchess.com"]
[Source "ChessBase"]
[SourceQuality "1"]
[TimeControl "5400+30"]

1. d4 d5 2. c4 c6 3. Nf3 Nf6 4. e3 g6 5. Nc3 Bg7 6. Be2 O-O 7. O-O dxc4 8. Bxc4 Bg4 9. h3 Bxf3 10. Qxf3 Nbd7 11. Rd1 e5 12. d5 e4 13. Nxe4 Nxe4 14. Qxe4 Nf6 15. Qf3 cxd5 16. Bxd5 Nxd5 17. Rxd5 Qf6 18. Qxf6 Bxf6 19. Kf1 Rfd8 20. Rxd8+ Rxd8 21. Ke2 Rc8 22. Bd2 Rc2 23. Rb1 Rxb2 24. Rxb2 Bxb2 25. Kd3 Kf8 26. Kc4 Ke7 27. Kd5 h5 28. e4 Kd7 29. Be3 a6 30. f3 Ba3 31. g4 hxg4 32. hxg4 Be7 33. f4 Bd6 34. Bd2 Be7 35. Be3 Bd6 36. f5 gxf5 37. exf5 f6 38. Bd4 Be7 39. Bc3 Bd8 40. Bb4 b5 41. Bc3 a5 42. Kc5 b4 43. Bd2 Be7+ 44. Kb5 Bd8 45. Bf4 Ke8 46. Bd2 1/2-1/2

[Event "Holiday Invitational-IM 2019"]
[Site "Charlotte"]
[Date "2019.12.30"]
[Round "7.3"]
[White "Diulger, Alexey"]
[Black "Bregadze, Levan"]
[Result "0-1"]
[ECO "A15"]
[WhiteElo "2291"]
[BlackElo "2458"]
[Annotator "RC"]
[PlyCount "116"]
[EventDate "2019.12.26"]
[EventType "tourn"]
[EventCountry "USA"]
[SourceTitle "playchess.com"]
[Source "ChessBase"]
[SourceQuality "1"]
[TimeControl "5400+30"]

1. Nf3 Nf6 2. g3 g6 3. b3 d6 4. Bb2 e5 5. Bg2 Bg7 6. O-O O-O 7. c4 Re8 8. Nc3 Nc6 9. d3 h6 10. Qd2 Be6 11. e4 Qd7 12. Nd5 Nh7 13. a4 Nd8 14. a5 c6 15. Nc3 Bh3 16. a6 Bxg2 17. Kxg2 b6 18. b4 Ne6 19. b5 c5 20. Nd5 Nf6 21. Nxf6+ Bxf6 22. h3 Bg7 23. Nh4 Ng5 24. Rh1 Ne6 25. Rae1 Qe7 26. Rhf1 Rf8 27. Bc1 Rae8 28. Qd1 Kh7 29. Qg4 Bf6 30. f4 h5 31. Qf3 Bxh4 32. gxh4 Qxh4 33. Qg3 Qxg3+ 34. Kxg3 Nxf4 35. Bxf4 exf4+ 36. Rxf4 Kg7 37. Ref1 f6 38. h4 Re5 39. Rd1 f5 40. d4 Rxe4 41. dxc5 dxc5 42. Rxe4 fxe4 43. Rd5 Rf3+ 44. Kg2 Rf4 45. Kg3 Rf3+ 46. Kg2 Rf5 47. Rd8 Kf6 48. Rd6+ Ke5 49. Rd7 e3 50. Rxa7 Kd4 51. Re7 Rf8 52. Re6 Kxc4 53. Rxb6 e2 54. Re6 Kxb5 55. a7 Ra8 56. Kf2 Rxa7 57. Rxg6 Re7 58. Ke1 Re4 0-1

[Event "Holiday Invitational-IM 2019"]
[Site "Charlotte"]
[Date "2019.12.30"]
[Round "8.1"]
[White "Kolay, Alex"]
[Black "Furfine, Jacob"]
[Result "0-1"]
[ECO "A58"]
[WhiteElo "2261"]
[BlackElo "2302"]
[Annotator "NA"]
[PlyCount "86"]
[EventDate "2019.12.26"]
[EventType "tourn"]
[EventCountry "USA"]
[SourceTitle "playchess.com"]
[Source "ChessBase"]
[SourceQuality "1"]
[TimeControl "5400+30"]

1. d4 Nf6 2. c4 c5 3. d5 b5 4. cxb5 a6 5. bxa6 e6 6. Nc3 exd5 7. Nxd5 Be7 8. Bf4 Nxd5 9. Qxd5 Nc6 10. Bd2 Bxa6 11. e3 Bb7 12. Qb3 Rb8 13. Nf3 O-O 14. Qc2 Qb6 15. Bd3 Nb4 16. Bxb4 Qxb4+ 17. Kf1 h6 18. b3 Ra8 19. Nd2 d5 20. h3 Ra3 21. Nb1 Ra5 22. a3 Qb6 23. Ra2 Rfa8 24. Ke2 Kh8 25. Rc1 R5a7 26. Kf1 Qd6 27. Kg1 Qe5 28. Qe2 Bd6 29. f4 Qf6 30. Qf2 d4 31. exd4 cxd4 32. Rf1 Bd5 33. Bc4 Bxc4 34. bxc4 Qf5 35. Qf3 Qe6 36. Qd3 Bc5 37. Kh1 Re8 38. Rb2 Ra4 39. Rc2 f5 40. Kh2 Qe4 41. Rd2 Rb8 42. g3 Ra7 43. Rdd1 Rb2+ 0-1

[Event "Holiday Invitational-IM 2019"]
[Site "Charlotte"]
[Date "2019.12.30"]
[Round "8.2"]
[White "Myers, Dominique"]
[Black "Cervantes Landeiro, Thalia"]
[Result "0-1"]
[ECO "C67"]
[WhiteElo "2012"]
[BlackElo "2289"]
[Annotator "NA"]
[PlyCount "120"]
[EventDate "2019.12.26"]
[EventType "tourn"]
[EventCountry "USA"]
[SourceTitle "playchess.com"]
[Source "ChessBase"]
[SourceQuality "1"]
[TimeControl "5400+30"]

1. e4 e5 2. Nf3 Nc6 3. Bb5 Nf6 4. O-O Nxe4 5. Re1 Nd6 6. Nxe5 Be7 7. Bf1 Nf5 8. c3 Nxe5 9. Rxe5 d6 10. Re1 O-O 11. d4 d5 12. Nd2 Nh4 13. h3 Be6 14. Bd3 Bd6 15. Nf3 Qf6 16. Nxh4 Qxh4 17. Qf3 Rae8 18. Bd2 c6 19. Re2 h5 20. Ree1 Bg4 21. Bg5 Qxg5 22. hxg4 hxg4 23. Qf5 Qxf5 24. Bxf5 g3 25. Kf1 g6 26. Bd3 Bf4 27. Rad1 Kg7 28. fxg3 Bxg3 29. Rxe8 Rxe8 30. c4 dxc4 31. Bxc4 Re4 32. Be2 Rf4+ 33. Bf3 g5 34. d5 g4 35. d6 gxf3 36. d7 fxg2+ 37. Kxg2 Bh4 38. d8=Q Bxd8 39. Rxd8 Rc4 40. Rd2 Kg6 41. Kf3 a5 42. Rd7 b5 43. Ra7 a4 44. Ke3 Rc2 45. Rc7 Rxb2 46. Rxc6+ Kg5 47. Rb6 f5 48. Kf3 Rxa2 49. Rxb5 Ra3+ 50. Kf2 Kg4 51. Ra5 Ra2+ 52. Kf1 f4 53. Ra8 Kf3 54. Kg1 Ra1+ 55. Kh2 Kf2 56. Rf8 f3 57. Ra8 Ra3 58. Ra7 Ke2 59. Rf7 f2 60. Kg2 f1=Q+ 0-1

[Event "Holiday Invitational-IM 2019"]
[Site "Charlotte"]
[Date "2019.12.30"]
[Round "8.3"]
[White "Bregadze, Levan"]
[Black "Andrianov, Nikolai"]
[Result "1/2-1/2"]
[ECO "D02"]
[WhiteElo "2458"]
[BlackElo "2417"]
[Annotator "ChessBase"]
[PlyCount "53"]
[EventDate "2019.12.26"]
[EventType "tourn"]
[EventCountry "USA"]
[SourceTitle "playchess.com"]
[Source "ChessBase"]
[SourceQuality "1"]
[TimeControl "5400+30"]

1. d4 d5 2. Nf3 Nf6 3. Bf4 c5 4. e3 Nc6 5. c3 Qb6 6. Qc2 Bf5 7. dxc5 Bxc2 8. cxb6 Bxb1 9. Rxb1 axb6 10. a3 e6 11. Bb5 Bc5 12. Ne5 Rc8 13. h3 Ke7 14. Nd3 Bd6 15. Bxd6+ Kxd6 16. Ke2 Ne4 17. Rhd1 Ke7 18. f3 Nd6 19. Ba4 f5 20. Rbc1 Rhd8 21. Bc2 Na5 22. h4 Nac4 23. Rb1 g6 24. Nf2 Nf7 25. g3 Nfe5 26. Bd3 h6 27. Bxc4 1/2-1/2